 Dungeon Crawl Stone Soup version 0.29-a0-221-gceb61267dd (webtiles) character file.

Game seed: 18338607909664820108

1597 testman the Fruitful (level 8, 0/60 HPs)
             Began as a Demonspawn Venom Mage on Feb 26, 2022.
             Was a Priest of Fedhas.
             Slain by a kobold brigand
             ... wielding a +0 dagger
              (4 damage)
             ... on level 8 of the Dungeon.
             The game lasted 00:42:02 (7967 turns).

testman the Fruitful (Demonspawn Venom Mage)        Turns: 7967, Time: 00:42:02

Health: 0/60       AC:  8    Str: 14    XL:     8   Next: 62%
Magic:  22/22      EV: 14    Int: 20    God:    Fedhas [***...]
Gold:   361        SH:  5    Dex: 13    Spells: 5/14 levels left

rFire   + . .      SeeInvis .   l - +1 dagger (venom)
rCold   . . .      Faith    .   (no shield)
rNeg    . . .      Spirit   .   A - +2 robe {rF+}
rPois   .          Reflect  +   k - +0 helmet
rElec   .          Harm     .   (no cloak)
rCorr   .          Rampage  .   (no gloves)
Will    .....                   C - +2 pair of boots {Fly}
Stlth   ++........              o - amulet of reflection
HPRegen 0.20/turn               u - +6 ring of strength
MPRegen 0.18/turn               r - ring of magical power

@: mighty, about to teleport, flying
A: repulsion field 1, foul stench 1, powered by pain 1
a: Renounce Religion, Wall of Briars, Grow Ballistomycete


You were on level 8 of the Dungeon.
You worshipped Fedhas.
Fedhas was most pleased with you.
You visited 2 branches of the dungeon, and saw 9 of its levels.
You also visited: Sewer.

You collected 409 gold pieces.
You spent 48 gold pieces at shops.

Inventory:

Hand Weapons
 c - a +0 short sword
 l - a +1 dagger of venom (weapon)
Missiles
 f - 113 stones
 j - 11 boomerangs
Armour
 a - a +0 robe
 k - a +0 helmet (worn)
 A - a +2 robe of fire resistance (worn)
 B - the +1 scale mail of Qeinaguj {+Blink rElec Str+6}
   (You found it on level 5 of the Dungeon)

   Str:       It affects your strength (+6).
   rElec:     It insulates you from electricity.
   +Blink:    It lets you blink.
 C - a +2 pair of boots of flying (worn)
Jewellery
 d - a ring of protection from fire
 o - an amulet of reflection (around neck)
 r - a ring of magical power (right hand)
 u - a +6 ring of strength (left hand)
 w - a +6 ring of dexterity
 E - an amulet of faith
Wands
 v - a wand of paralysis (10)
Scrolls
 i - 2 scrolls of fog
 z - a scroll of torment
Potions
 b - a potion of might
 h - 2 potions of haste
 m - 3 potions of brilliance
 n - 2 potions of berserk rage
 p - 4 potions of resistance
 q - a potion of ambrosia
 s - 5 potions of curing
 t - a potion of invisibility


   Skills:
 + Level 3.8 Fighting
 - Level 1.7 Dodging
 - Level 1.7 Stealth
 + Level 3.3 Unarmed Combat
 + Level 3.7 Spellcasting
 + Level 4.4 Transmutations
 - Level 1.2 Air Magic
 - Level 5.1 Poison Magic
 + Level 6.9 Invocations


You had 5 spell levels left.
You knew the following spells:

 Your Spells              Type           Power      Damage    Failure   Level
a - Sting                 Tmut/Pois      88%        1d7       1%          1
b - Poisonous Vapours     Pois/Air       32%        N/A       5%          2
c - Beastly Appendage     Tmut           42%        N/A       2%          1
d - Spider Form           Tmut/Pois      22%        N/A       5%          3
e - Wereblood             Tmut           21%        N/A       3%          2

Your spell library contained the following spells:

 Spells                   Type           Power      Damage    Failure   Level
 Olgreb's Toxic Radiance  Pois           24%        N/A       16%         4
 Mephitic Cloud           Conj/Pois/Air  12%        N/A       17%         3
 Blade Hands              Tmut           10%        N/A       52%         5
 Irradiate                Conj/Tmut      6%         3d15      83%         5
 Dragon Form              Tmut           10%        N/A       100%        7


Dungeon Overview and Level Annotations

Branches:
Dungeon (9/15)             Temple (1/1) D:6           Sewer (visited)
   Lair: D:8-11         Orc: D:9-12

Altars:
Fedhas
Okawaru
Wu Jian

Shops:
D:2 *


Innate Abilities, Weirdness & Mutations

You are surrounded by a mild repulsion field. (EV +2)
You may rarely emit foul miasma when damaged in melee.
You sometimes gain a little power by taking damage.


Message History

The kobold dies!
Fedhas appreciates your contribution to the ecosystem.
You fly carefully through the plants.
Something hits you but does no damage. Something hits you.
* * * LOW HITPOINT WARNING * * *
Something hits you.
* * * LOW HITPOINT WARNING * * *
The centaur unwields a +0 shortbow.
The centaur is struck by your briar patch's thorns.
The centaur hits your briar patch but does no damage.
The centaur kicks your briar patch but does no damage.
Something hits you but does no damage.
The orc priest calls down the wrath of Beogh upon you.
You struggle to resist.
The kobold hits your briar patch but does no damage.
Casting: Sting (safe; 1% risk of failure)
Confirm with . or Enter, or press ? or * to list all spells.
Okay, then.
Casting: Sting (safe; 1% risk of failure)
Confirm with . or Enter, or press ? or * to list all spells.
Okay, then.
Okay, then.
As you read the scroll of teleportation, it crumbles to dust.
You feel strangely unstable.
The sentinel's mark upon you fades away.
Something hits your briar patch!
Something hits your briar patch but does no damage.
Something hits you but does no damage.
The kobold is struck by your briar patch's thorns.
The kobold dies!
Fedhas appreciates your contribution to the ecosystem.
The centaur hits your briar patch but does no damage.
The centaur kicks your briar patch but does no damage.
The kobold brigand hits you but does no damage.
The kobold is struck by your briar patch's thorns.
The kobold dies!
Fedhas appreciates your contribution to the ecosystem.
The kobold brigand hits you with a +0 dagger.
You die...
Fedhas appreciates your contribution to the ecosystem.

###
#...#####'##..##
.............$.#
.......o........#
........o........#
..##..$###.b.##..#
#..
#...###.K.##o.##
#.
.....$..K).c...#
.......PKPK...#
......)P.P@...#
###############


You could see an orc warrior, a kobold brigand, a centaur (ally target), an orc
priest, an orc and 3 kobolds.

Vanquished Creatures
  Pikel (D:5)
  2 ice beasts
  A black bear (D:5)
  A necrophage (D:6)
  2 ogres (D:6)
  A lemure (D:4)
  A phantom (D:5)
  A scorpion (D:5)
  A hound (D:4)
  2 jellies (D:6)
  3 iguanas (D:5)
  Robin (D:2)
  6 gnolls
  4 adders
  A river rat (Sewer)
  A white imp (D:5)
  3 worms
  3 dart slugs
  2 orcs
  3 bats
  4 endoplasms
  4 giant cockroaches
  14 goblins
  8 hobgoblins
  2 jackals (D:1)
  9 kobolds
  5 quokkas
  11 ball pythons
  3 frilled lizards
  11 rats
111 creatures vanquished.

Vanquished Creatures (collateral kills)
  A water moccasin (D:6)
  A hell rat (Sewer)
  3 kobolds (D:8)
5 creatures vanquished.

Grand Total: 116 creatures vanquished

Notes
Turn   | Place    | Note
-------+----------+-------------------------------------------
     0 | D:1      | testman the Demonspawn Venom Mage began the quest for the
                  | Orb.
     0 | D:1      | Reached XP level 1. HP: 13/13 MP: 3/3
    74 | D:1      | Reached skill level 1 in Transmutations
   145 | D:1      | Found a faded altar of an unknown god.
   151 | D:1      | Prayed at the altar of an unknown god.
   151 | D:1      | Became a worshipper of Fedhas Madash
   151 | D:1      | Reached * piety under Fedhas
   230 | D:1      | Gained mutation: You may rarely emit foul miasma when
                  | damaged in melee. [demonic ancestry]
   230 | D:1      | Reached XP level 2. HP: 19/19 MP: 3/5
   237 | D:1      | Learned a level 2 spell: Poisonous Vapours
  1073 | D:2      | Reached skill level 1 in Invocations
  1189 | D:2      | Gained mutation: You sometimes gain a little power by
                  | taking damage. [demonic ancestry]
  1189 | D:2      | Reached XP level 3. HP: 24/24 MP: 2/6
  1234 | D:2      | Noticed Robin
  1265 | D:2      | Reached ** piety under Fedhas
  1348 | D:1      | Reached skill level 1 in Air Magic
  1720 | D:2      | Killed Robin
  1721 | D:2      | Reached skill level 2 in Invocations
  1976 | D:2      | Gained mutation: You are surrounded by a mild repulsion
                  | field. (EV +2) [demonic ancestry]
  1976 | D:2      | Reached XP level 4. HP: 22/30 MP: 7/7
  2226 | D:2      | Found Ciaphioc's General Store.
  2229 | D:2      | Bought a scroll of identify for 24 gold pieces
  2229 | D:2      | Bought a scroll of identify for 24 gold pieces
  3259 | D:4      | Reached skill level 1 in Fighting
  3315 | D:4      | Reached XP level 5. HP: 22/37 MP: 8/8
  3344 | D:4      | Found a glowing drain.
  3348 | D:4      | Reached *** piety under Fedhas
  3363 | Sewer    | Entered a sewer
  3522 | Sewer    | Learned a level 1 spell: Beastly Appendage
  3526 | Sewer    | Learned a level 3 spell: Spider Form
  3679 | Sewer    | Reached skill level 3 in Invocations
  3851 | D:4      | Reached skill level 1 in Unarmed Combat
  4073 | D:4      | Noticed an ice beast
  4211 | D:4      | Killed an ice beast
  4212 | D:4      | Reached XP level 6. HP: 13/44 MP: 9/9
  4600 | D:5      | Entered Level 5 of the Dungeon
  4616 | D:5      | Noticed an ice beast
  4638 | D:5      | Killed an ice beast
  4639 | D:5      | Reached skill level 5 in Poison Magic
  4639 | D:5      | Reached skill level 4 in Invocations
  4934 | D:5      | Reached skill level 5 in Invocations
  4934 | D:5      | Reached XP level 7. HP: 33/49 MP: 10/10
  5540 | D:5      | Learned a level 2 spell: Wereblood
  6272 | D:5      | Noticed Pikel
  6309 | D:5      | Killed Pikel
  6310 | D:5      | Reached skill level 6 in Invocations
  6310 | D:5      | Reached XP level 8. HP: 30/58 MP: 12/12
  6798 | D:5      | Identified the +1 scale mail of Qeinaguj {+Blink rElec
                  | Str+6}
  7120 | D:6      | Found an iron altar of Okawaru.
  7373 | D:6      | Found a staircase to the Ecumenical Temple.
  7420 | Temple   | Entered the Ecumenical Temple
  7940 | D:6      | You are sucked into a shaft and drop 3 floors!
  7953 | D:8      | HP: 2/60 [something (6)]
  7967 | D:8      | Slain by a kobold brigand

Illustrated notes

Levels and vault maps discovered:
D:1:      wander_arrival_chamber, layout_loops_ring,
          ebering_ecumenical_altar_ruins, minmay_misc_feat_ornament,
          skrybe_limestone_x
D:2:      layout_loops_cross, serial_shops, nicolae_shop_behind_doors,
          nrook_mini_backslash, uniq_robin
D:3:      layout_rooms, chequers_jeans, kennysheep_generic_room_8
D:4:      layout_cave_pools, gup_sewer_entry_pipe
D:5:      layout_layer_cave, uniq_pikel
D:6:      layout_gridville, lemuel_tele_altar, mainiacjoe_overflow_big_doors,
          minmay_temple_entry_statues_fountains
D:8:      layout_gridville, xom_butterflies, minmay_crossroads
D:9:      layout_rooms, due_lair_maze_entry_diamond, orc_0_dummy
Temple:   eino_wide_crystal_templ

Skill      XL: |  1  2  3  4  5  6  7  8 |
---------------+-------------------------+-----
Transmutations | 1 3 4 |  4.4
Invocations    | 1 2 3 5 6 |  6.9
Air Magic      | 1 |  1.2
Poison Magic   | 4 5 |  5.1
Fighting       | 1 3 |  3.8
Unarmed Combat | 1 2 3 |  3.3
Spellcasting   | 3 |  3.7
Dodging        | |  1.7
Stealth        | |  1.7

Action                   |  1- 3 |  4- 6 |  7- 9 || total
-------------------------+-------+-------+-------++-------
Melee: Short sword       |    38 |       |       ||    38
       Punch             |     1 |     1 |     3 ||     5
       Dagger            |     9 |   145 |    98 ||   252
       Headbutt          |       |     1 |       ||     1
       Unarmed           |       |    11 |    61 ||    72
 Cast: Sting             |    47 |    23 |     8 ||    78
       Poisonous Vapours |     3 |     3 |     9 ||    15
       Beastly Appendage |       |     1 |     1 ||     2
       Spider Form       |       |     2 |     9 ||    11
       Wereblood         |       |       |     3 ||     3
Invok: Wall of Briars    |       |     1 |     2 ||     3
  Use: Scroll            |       |    14 |     7 ||    21
       Potion            |       |     1 |     3 ||     4
 Stab: Sleeping          |     3 |     4 |       ||     7
Armor: Robe              |    12 |    20 |    18 ||    50
       Skin              |       |     1 |     3 ||     4
Dodge: Dodged            |    36 |    92 |    85 ||   213
Block: Other             |       |    32 |    33 ||    65

Table legend: (Time is in decaauts)
 A = Elapsed time spent in this place.
 B = Non-inter-level travel time spent in this place.
 C = Inter-level travel time spent in this place.
 D = Time resting spent in this place.
 E = Time spent auto-exploring this place.
 F = Levels seen in this place.
 G = Mean time per level.
                   A        B        C        D        E       F      G
               +--------+--------+--------+--------+--------+-----+--------+
         Total |   7992 |   7741 |    251 |   2771 |   3738 |  10 |  799.2 |
       Dungeon |   7241 |   6990 |    251 |   2304 |   3528 |   8 |  905.1 |
        Temple |    319 |    319 |      0 |    316 |      0 |   1 |  319.0 |
         Sewer |    431 |    431 |      0 |    151 |    209 |   1 |  431.0 |
               +--------+--------+--------+--------+--------+-----+--------+

Top non-repeatable levels by time:
     D:5: 2171 daAuts
     D:1: 1486 daAuts
     D:2: 1063 daAuts
     D:4: 1023 daAuts
     D:6: 780 daAuts
     D:3: 690 daAuts
   Sewer: 431 daAuts
  Temple: 319 daAuts
     D:8: 22 daAuts
     D:9: 4 daAuts
